| TOP OF THE 1ST |
|
New York Mets batting - Pitching for Atlanta Braves : RHP Curt Stevens
|
|
Pitching: RHP Curt Stevens
|
|
|
Batting: RHB Finn Ross
|
0-0: Ball 1-0: Foul Ball, location: 2F 1-1: DOUBLE (Line Drive, 8RXD, EV 110.6 MPH)
|
|
Batting: RHB Billy Walker
|
0-0: Called Strike 0-1: Ball 1-1: SINGLE (Line Drive, 8RS, EV 99.4 MPH) Finn Ross to third Runner from 3rd tries for Home, SAFE, throw by CF to home
|
|
Batting: LHB Chris Ringwood
|
0-0: Foul Ball, location: 2F 0-1: Ball 1-1: SINGLE (Line Drive, 3D, EV 94.4 MPH) Billy Walker to second Runner from 2nd tries for 3rd, SAFE, throw by RF made to third
|
|
Batting: SHB Roberto Magne
|
0-0: SINGLE (Groundball, 34D, EV 101.2 MPH) Billy Walker scores Chris Ringwood to second Runner from 2nd tries for 3rd, SAFE, throw by RF made to third
|
|
Batting: SHB Luke Robbins
|
0-0: Ball 1-0: Ball 2-0: Fly out, F8 (Flyball, 8RXD, EV 103.1 MPH) Runner from 3rd tags up, SCORES, no throw by CF
|
|
Batting: SHB Billy Encinias
|
0-0: Swinging Strike 0-1: Ball 1-1: Grounds into double play, 4-6-3 (Groundball, 4, EV 102.5 MPH)
|
| Top of the 1st over - 3 runs, 4 hits, 0 errors, 0 left on base; New York 3 - Atlanta 0 |
| BOTTOM OF THE 1ST |
|
Atlanta Braves batting - Pitching for New York Mets : RHP Jeff Jank
|
|
Pitching: RHP Jeff Jank
|
|
|
Batting: RHB Yasuhide Kasahara
|
0-0: Called Strike 0-1: Ball 1-1: Ball 2-1: SINGLE (Line Drive, 4D, EV 97.5 MPH)
|
|
Batting: SHB Sean Cook
|
0-0: Swinging Strike 0-1: Ball 1-1: Foul Ball, location: 2F 1-2: Ball 2-2: Ball 3-2: Foul Ball, location: 2F 3-2: TRIPLE (Flyball, 89XD, EV 101.9 MPH) Yasuhide Kasahara scores
|
|
Batting: SHB Floyd-William Goof
|
0-0: SINGLE (Groundball, 6S, EV 74.4 MPH) (infield hit) Sean Cook scores
|
|
Batting: LHB Erik Gretzky
|
0-0: Ball 1-0: Ball 2-0: Ball Floyd-William Goof is caught stealing 2nd base 2-6 3-0: Base on Balls
|
|
Batting: RHB Ike Trout
|
0-0: Ball 1-0: Ball 2-0: 2-RUN HOME RUN (Flyball, 7LD, EV 95.6 MPH), Distance : 359 ft
|
|
Batting: RHB Manny Vergara
|
0-0: Ball 1-0: SINGLE (Groundball, 4MD, EV 97.5 MPH)
|
|
Batting: SHB Dave Barefoot
|
0-0: Called Strike 0-1: Called Strike 0-2: Foul Ball, location: 2F 0-2: Strikes out looking
|
|
Batting: RHB Zheng-ze King
|
0-0: Swinging Strike 0-1: SINGLE (Line Drive, 4D, EV 94.4 MPH) Manny Vergara to second Runner from 2nd tries for 3rd, SAFE, no throw by CF
|
|
Batting: RHB Liangde Li
|
0-0: Called Strike 0-1: Ball 1-1: Foul Ball, location: 2F 1-2: Ball 2-2: Foul Ball, location: 2F 2-2: Foul Ball, location: 2F 2-2: Ball 3-2: DOUBLE (Line Drive, 7LS, EV 109.4 MPH) Manny Vergara scores Zheng-ze King to third Zheng-ze King scores
|
|
Pitching: RHP Marc Maniu
|
|
|
Batting: RHB Yasuhide Kasahara
|
0-0: Called Strike 0-1: Ball 1-1: Ball 2-1: Fly out, F8 (Line Drive, 8RM, EV 100.0 MPH)
|
| Bottom of the 1st over - 6 runs, 7 hits, 0 errors, 1 left on base; New York 3 - Atlanta 6 |
| TOP OF THE 2ND |
|
New York Mets batting - Pitching for Atlanta Braves : RHP Curt Stevens
|
|
Batting: SHB Jason Larson
|
0-0: Ball 1-0: Called Strike 1-1: Ball 2-1: Ground out 4-3 (Groundball, 4, EV 106.2 MPH)
|
|
Batting: RHB Antonio Aranda
|
0-0: Ball 1-0: Foul Ball, location: 2F 1-1: Swinging Strike 1-2: Strikes out swinging
|
|
Batting: RHB Chris Torlak
|
0-0: Called Strike 0-1: Called Strike 0-2: Ball 1-2: Ground out 5-3 (Groundball, 5L, EV 85.6 MPH)
|
| Top of the 2nd over - 0 runs, 0 hits, 0 errors, 0 left on base; New York 3 - Atlanta 6 |
| BOTTOM OF THE 2ND |
|
Atlanta Braves batting - Pitching for New York Mets : RHP Marc Maniu
|
|
Batting: SHB Sean Cook
|
0-0: Called Strike 0-1: Ball 1-1: Foul Ball, location: 2F 1-2: Ball 2-2: Ball 3-2: Base on Balls
|
|
Batting: SHB Floyd-William Goof
|
0-0: Called Strike 0-1: Ball 1-1: Ball 2-1: Ball 3-1: Foul Ball, location: 2F 3-2: Fly out, F8 (Flyball, 8LS, EV 90.6 MPH)
|
|
Batting: LHB Erik Gretzky
|
0-0: Ball 1-0: Ball 2-0: Ball 3-0: Base on Balls Sean Cook to second
|
|
Batting: RHB Ike Trout
|
0-0: Swinging Strike 0-1: Ball 1-1: Called Strike Sean Cook steals 3rd base Erik Gretzky to second 1-2: Strikes out swinging
|
|
Batting: RHB Manny Vergara
|
0-0: Foul Ball, location: 2F 0-1: Ball 1-1: Ball 2-1: Ground out 6-3 (Groundball, 6M, EV 79.4 MPH)
|
| Bottom of the 2nd over - 0 runs, 0 hits, 0 errors, 2 left on base; New York 3 - Atlanta 6 |
| TOP OF THE 3RD |
|
New York Mets batting - Pitching for Atlanta Braves : RHP Curt Stevens
|
|
Batting: RHB Finn Ross
|
0-0: Swinging Strike 0-1: Foul Ball, location: 2F 0-2: Ground out 3-1 (Groundball, 34, EV 90.0 MPH)
|
|
Batting: RHB Billy Walker
|
0-0: Called Strike 0-1: Foul Ball, location: 2F 0-2: Ball 1-2: Ball 2-2: Foul Ball, location: 2F 2-2: Strikes out swinging
|
|
Batting: LHB Chris Ringwood
|
0-0: Called Strike 0-1: Foul Ball, location: 2F 0-2: Foul Ball, location: 2F 0-2: Ball 1-2: Fly out, F8 (Flyball, 8RM, EV 81.2 MPH)
|
| Top of the 3rd over - 0 runs, 0 hits, 0 errors, 0 left on base; New York 3 - Atlanta 6 |
| BOTTOM OF THE 3RD |
|
Atlanta Braves batting - Pitching for New York Mets : RHP Marc Maniu
|
|
Batting: SHB Dave Barefoot
|
0-0: Ball 1-0: Ground out 6-3 (Groundball, P, EV 77.5 MPH)
|
|
Batting: RHB Zheng-ze King
|
0-0: Called Strike 0-1: Ball 1-1: Foul Ball, location: 2F 1-2: Strikes out looking
|
|
Batting: RHB Liangde Li
|
0-0: Called Strike 0-1: Called Strike 0-2: Ball 1-2: Ball 2-2: Foul Ball, location: 2F 2-2: Reached on error, E2 (Groundball, 15S, EV 70.0 MPH)
|
|
Batting: RHB Yasuhide Kasahara
|
0-0: Ball Liangde Li steals 2nd base (no throw) 1-0: Ground out U3 (Groundball, 3L, EV 106.2 MPH)
|
| Bottom of the 3rd over - 0 runs, 0 hits, 1 error, 1 left on base; New York 3 - Atlanta 6 |
| TOP OF THE 4TH |
|
New York Mets batting - Pitching for Atlanta Braves : RHP Curt Stevens
|
|
Batting: SHB Roberto Magne
|
0-0: Called Strike 0-1: Ball 1-1: Foul Ball, location: 2F 1-2: Ground out 6-3 (Groundball, 6S, EV 69.4 MPH)
|
|
Batting: SHB Luke Robbins
|
0-0: Called Strike 0-1: Ground out 6-3 (Groundball, 6, EV 108.1 MPH)
|
|
Batting: SHB Billy Encinias
|
0-0: Called Strike 0-1: Ground out 4-3 (Groundball, 34D, EV 106.2 MPH)
|
| Top of the 4th over - 0 runs, 0 hits, 0 errors, 0 left on base; New York 3 - Atlanta 6 |
| BOTTOM OF THE 4TH |
|
Atlanta Braves batting - Pitching for New York Mets : RHP Marc Maniu
|
|
Batting: SHB Sean Cook
|
0-0: Ball 1-0: Ball 2-0: Ball 3-0: Called Strike 3-1: Called Strike 3-2: DOUBLE (Groundball, 3L, EV 110.0 MPH)
|
|
Pitching: RHP Ben Dicks
|
|
|
Batting: SHB Floyd-William Goof
|
0-0: Ball 1-0: Called Strike Sean Cook is caught stealing 3rd base 2-5 1-1: Called Strike 1-2: Foul Ball, location: 2F 1-2: Foul Ball, location: 2F 1-2: Fly out, F8 (Flyball, 89M, EV 90.0 MPH)
|
|
Batting: LHB Erik Gretzky
|
0-0: Foul Ball, location: 2F 0-1: Foul Ball, location: 2F 0-2: Strikes out swinging
|
| Bottom of the 4th over - 0 runs, 1 hit, 0 errors, 0 left on base; New York 3 - Atlanta 6 |
| TOP OF THE 5TH |
|
New York Mets batting - Pitching for Atlanta Braves : RHP Curt Stevens
|
|
Batting: SHB Jason Larson
|
0-0: Ground out U3 (Groundball, 3L, EV 100.0 MPH)
|
|
Batting: RHB Antonio Aranda
|
0-0: Ball 1-0: Ball 2-0: Foul Ball, location: 2F 2-1: Ball 3-1: Foul Ball, location: 2F 3-2: Base on Balls
|
|
Batting: RHB Chris Torlak
|
0-0: Foul Ball, location: 2F 0-1: Ball 1-1: Swinging Strike 1-2: SINGLE (Groundball, 56S, EV 68.8 MPH) (infield hit) Antonio Aranda to second
|
|
Batting: RHB Finn Ross
|
0-0: Called Strike 0-1: Foul Ball, location: 2F 0-2: Ball 1-2: Ball 2-2: Ball 3-2: Grounds into double play, 4-6-3 (Groundball, 4, EV 85.6 MPH)
|
| Top of the 5th over - 0 runs, 1 hit, 0 errors, 1 left on base; New York 3 - Atlanta 6 |
| BOTTOM OF THE 5TH |
|
Atlanta Braves batting - Pitching for New York Mets : RHP Ben Dicks
|
|
Batting: RHB Ike Trout
|
0-0: Swinging Strike 0-1: Called Strike 0-2: Ball 1-2: Foul Ball, location: 2F 1-2: Strikes out swinging
|
|
Batting: RHB Manny Vergara
|
0-0: Foul Ball, location: 2F 0-1: Fly out, F7 (Flyball, 7D, EV 100.6 MPH)
|
|
Batting: SHB Dave Barefoot
|
0-0: Ball 1-0: Swinging Strike 1-1: Swinging Strike 1-2: Foul Ball, location: 2F 1-2: Ball 2-2: Fly out, F8 (Flyball, 8LD, EV 100.0 MPH)
|
| Bottom of the 5th over - 0 runs, 0 hits, 0 errors, 0 left on base; New York 3 - Atlanta 6 |
| TOP OF THE 6TH |
|
New York Mets batting - Pitching for Atlanta Braves : RHP Curt Stevens
|
|
Batting: RHB Billy Walker
|
0-0: Ball 1-0: Foul Ball, location: 2F 1-1: Called Strike 1-2: Strikes out looking
|
|
Batting: LHB Chris Ringwood
|
0-0: Foul Ball, location: 2F 0-1: Foul Ball, location: 2F 0-2: Ball 1-2: Ground out U3 (Groundball, 3, EV 85.6 MPH)
|
|
Batting: SHB Roberto Magne
|
0-0: Ball 1-0: Ball 2-0: Ball 3-0: Foul Ball, location: 2F 3-1: Ground out 4-3 (Groundball, 4, EV 99.4 MPH)
|
| Top of the 6th over - 0 runs, 0 hits, 0 errors, 0 left on base; New York 3 - Atlanta 6 |
| BOTTOM OF THE 6TH |
|
Atlanta Braves batting - Pitching for New York Mets : RHP Ben Dicks
|
|
Batting: RHB Zheng-ze King
|
0-0: Called Strike 0-1: Swinging Strike 0-2: Ball 1-2: Foul Ball, location: 2F 1-2: Strikes out swinging
|
|
Batting: RHB Liangde Li
|
0-0: Ball 1-0: Ball 2-0: Ball 3-0: Base on Balls
|
|
Pitching: RHP David Anzaldua
|
|
|
Batting: RHB Yasuhide Kasahara
|
0-0: Called Strike Liangde Li steals 2nd base 0-1: Ball 1-1: Ground out 3-1 (Groundball, 34, EV 81.9 MPH) Liangde Li to third
|
|
Batting: SHB Sean Cook
|
0-0: Ball 1-0: Ball 2-0: Ball 3-0: Base on Balls
|
|
Batting: SHB Floyd-William Goof
|
0-0: Called Strike 0-1: Foul Ball, location: 2F 0-2: SINGLE (Line Drive, 4D, EV 93.8 MPH) Liangde Li scores Sean Cook to second Runner from 2nd tries for 3rd, SAFE, throw by RF made to third
|
|
Batting: LHB Erik Gretzky
|
0-0: Ball 1-0: Called Strike 1-1: Ball 2-1: Foul Ball, location: 2F 2-2: SINGLE (Groundball, 56, EV 98.1 MPH) Sean Cook scores Floyd-William Goof to second
|
|
Batting: RHB Ike Trout
|
0-0: Called Strike 0-1: Ball 1-1: Fly out, F9 (Flyball, 9S, EV 79.4 MPH)
|
| Bottom of the 6th over - 2 runs, 2 hits, 0 errors, 2 left on base; New York 3 - Atlanta 8 |
| TOP OF THE 7TH |
|
New York Mets batting - Pitching for Atlanta Braves : RHP Curt Stevens
|
|
Batting: SHB Luke Robbins
|
0-0: Called Strike 0-1: Ball 1-1: Fly out, F4 (Popup, 4S, EV 73.1 MPH)
|
|
Batting: SHB Billy Encinias
|
0-0: Called Strike 0-1: Ground out 1-3 (Groundball, 34S, EV 69.4 MPH)
|
|
Batting: SHB Jason Larson
|
0-0: Ball 1-0: Called Strike 1-1: Foul Ball, location: 2F 1-2: Strikes out swinging
|
| Top of the 7th over - 0 runs, 0 hits, 0 errors, 0 left on base; New York 3 - Atlanta 8 |
| BOTTOM OF THE 7TH |
|
Atlanta Braves batting - Pitching for New York Mets : RHP David Anzaldua
|
|
Batting: RHB Manny Vergara
|
0-0: Ball 1-0: Ball 2-0: Ball 3-0: Called Strike 3-1: Base on Balls
|
|
Batting: SHB Dave Barefoot
|
0-0: Called Strike 0-1: Ball 1-1: Foul Ball, location: 2F 1-2: Ball 2-2: Foul Ball, location: 2F 2-2: Foul Ball, location: 2F 2-2: Foul Ball, location: 2F 2-2: Strikes out swinging
|
|
Batting: RHB Zheng-ze King
|
0-0: Called Strike 0-1: Foul Ball, location: 2F 0-2: Ball 1-2: Grounds into double play, 2-4-3 (Groundball, 2L, EV 68.8 MPH)
|
| Bottom of the 7th over - 0 runs, 0 hits, 0 errors, 0 left on base; New York 3 - Atlanta 8 |
| TOP OF THE 8TH |
|
New York Mets batting - Pitching for Atlanta Braves : RHP Curt Stevens
|
|
Batting: RHB Antonio Aranda
|
0-0: Ball 1-0: Ball 2-0: Ball 3-0: Swinging Strike 3-1: Called Strike 3-2: Strikes out looking
|
|
Batting: RHB Chris Torlak
|
0-0: Called Strike 0-1: Ball 1-1: Ground out 5-3 (Groundball, 25, EV 79.4 MPH)
|
|
Batting: RHB Finn Ross
|
0-0: Called Strike 0-1: Swinging Strike 0-2: Fly out, F7 (Flyball, 7, EV 83.8 MPH)
|
| Top of the 8th over - 0 runs, 0 hits, 0 errors, 0 left on base; New York 3 - Atlanta 8 |
| BOTTOM OF THE 8TH |
|
Atlanta Braves batting - Pitching for New York Mets : RHP David Anzaldua
|
|
Batting: RHB Liangde Li
|
0-0: Ground out 5-3 (Groundball, 56S, EV 66.9 MPH)
|
|
Batting: RHB Yasuhide Kasahara
|
0-0: Called Strike 0-1: SOLO HOME RUN (Flyball, 7D, EV 96.9 MPH), Distance : 377 ft
|
|
Batting: SHB Sean Cook
|
0-0: Swinging Strike 0-1: Swinging Strike 0-2: Strikes out looking
|
|
Batting: SHB Floyd-William Goof
|
0-0: Fly out, F7 (Line Drive, 7S, EV 93.8 MPH)
|
| Bottom of the 8th over - 1 run, 1 hit, 0 errors, 0 left on base; New York 3 - Atlanta 9 |
| TOP OF THE 9TH |
|
New York Mets batting - Pitching for Atlanta Braves : RHP Curt Stevens
|
|
Batting: RHB Billy Walker
|
0-0: Ball 1-0: Ball 2-0: Ball 3-0: Base on Balls
|
|
Pitching: LHP Sam Schrecengost
|
|
|
Batting: LHB Chris Ringwood
|
0-0: Grounds out, U3 (Groundball, 3L, EV 103.8 MPH)
|
|
Batting: SHB Roberto Magne
|
0-0: Ball 1-0: Ball 2-0: Ball 3-0: Ground out 5-3 (Groundball, 56S, EV 80.6 MPH)
|
|
Batting: SHB Luke Robbins
|
0-0: Swinging Strike 0-1: Foul Ball, location: 2F 0-2: Ball 1-2: Strikes out swinging
|
| Top of the 9th over - 0 runs, 0 hits, 0 errors, 1 left on base; New York 3 - Atlanta 9 |
|